[Event "Titled Tuesday Blitz July 26 Late 2022"]
[White "Haraguchi, Diego Sashaki"]
[Black "Aravindh, Chithambaram VR."]
[WhiteFideId "22729925"]
[BlackFideId "5072786"]
[WhiteElo "2118"]
[BlackElo "2577"]
[Result "0-1"]
[Round "01"]
[TimeControl "180+1"]
[Date "2022.07.26"]
[WhiteClock "0:00:44"]
[BlackClock "0:00:28"]

1. d4 g6 2. c4 Bg7 3. Nf3 d6 4. Nc3 Bg4 5. e3 Nf6 6. Be2 O-O 7. O-O Nc6 8. h3 Bf5 9. d5 Nb8 10. Nd4 Bd7 11. b3 c5 12. Nc2 Bf5 13. Bb2 Ne4 14. Na4 Bxb2 15. Nxb2 Nc3 16. Qd2 Nxe2+ 17. Qxe2 Bxc2 18. Qxc2 Nd7 19. Nd3 a6 20. e4 b5 21. f4 e6 22. Rad1 exd5 23. cxd5 Qb6 24. Kh2 Rae8 25. Rde1 Qc7 26. Qf2 a5 27. Qg3 c4 28. Nf2 c3 29. Nd3 Nc5 30. Nf2 b4 31. Ng4 Nd7 32. e5 h5 33. Nf6+ Nxf6 34. exf6 Rxe1 35. Rxe1 c2 36. Qe3 Rc8 37. f5 c1=Q 38. Qg3 Q7c3 39. Re3 Q1xe3 0-1


[Site "https://www.chess.com"]

[Event "Titled Tuesday Blitz July 26 Late 2022"]
[White "Hardaway, Brewington"]
[Black "Williams, John M"]
[WhiteFideId "30941849"]
[BlackFideId "2046636"]
[WhiteElo "1813"]
[BlackElo "2365"]
[Result "1/2-1/2"]
[Round "01"]
[TimeControl "180+1"]
[Date "2022.07.27"]
[WhiteClock "0:00:15"]
[BlackClock "0:00:07"]

1. d4 Nf6 2. c4 e6 3. Nc3 d5 4. Bg5 c5 5. cxd5 exd5 6. dxc5 Be6 7. e3 Bxc5 8. Nf3 O-O 9. Bd3 h6 10. Bh4 Nbd7 11. O-O Rc8 12. Rc1 Qa5 13. Bb1 Rfd8 14. Nd4 Qb6 15. Nxe6 fxe6 16. Qf3 Qxb2 17. Na4 Qb4 18. Nxc5 Rxc5 19. Qh3 Kf7 20. Rcd1 Rc4 21. Bg3 Rdc8 22. Bd3 Rc3 23. Be2 Qb2 24. Bh5+ Ke7 25. Bg4 Nf8 26. Be5 Qxa2 27. Bxc3 Rxc3 28. Bf3 Qc4 29. Rb1 b6 30. Qg3 Kf7 31. Qb8 Qc7 32. Qa8 N8d7 33. Ra1 a5 34. Qa6 e5 35. Rfd1 e4 36. Be2 Rc2 37. Bb5 Ng4 38. g3 Nxf2 39. Rf1 Ne5 40. Be2 Nf3+ 41. Bxf3 Nh3+ 42. Kh1 exf3 43. Rxf3+ Kg8 44. Raf1 Ng5 45. Rf8+ Kh7 46. Qd3+ Ne4 47. R8f4 Qc6 48. Qd4 b5 49. Rf7 Qg6 50. Qe5 b4 51. Re7 Nf2+ 52. Kg1 Nh3+ 53. Kh1 Nf2+ 54. Kg1 Nh3+ 55. Kh1 Nf2+ 1/2-1/2


[Site "https://www.chess.com"]

[Event "Titled Tuesday Blitz July 26 Late 2022"]
[White "Hjartarson, Johann"]
[Black "Ardila, Oscar Humberto"]
[WhiteFideId "2300044"]
[BlackFideId "4404742"]
[WhiteElo "2458"]
[BlackElo "1956"]
[Result "1-0"]
[Round "01"]
[TimeControl "180+1"]
[Date "2022.07.27"]
[WhiteClock "0:00:08"]
[BlackClock "0:00:05"]

1. e4 e5 2. Nf3 Nf6 3. Nc3 Nc6 4. Bb5 Bb4 5. O-O O-O 6. d3 d6 7. Bg5 Bxc3 8. bxc3 Qe7 9. Re1 Nd8 10. d4 Ne6 11. Bc1 Rd8 12. d5 Nf8 13. Bf1 a5 14. g3 N8d7 15. c4 Nc5 16. Nd2 Bg4 17. f3 Bd7 18. Bg2 Rf8 19. Nf1 Ne8 20. Be3 b6 21. Nd2 f5 22. exf5 Bxf5 23. f4 Nd7 24. Nf3 Nef6 25. Nh4 Bg4 26. Qd3 e4 27. Qc3 Qf7 28. Bd4 Rae8 29. h3 Bf3 30. Nxf3 exf3 31. Bxf3 Qg6 32. Kh2 h5 33. Qd3 Qh6 34. Re6 Rxe6 35. dxe6 Nc5 36. Bxc5 bxc5 37. Re1 Re8 38. Bc6 Re7 39. Qf3 Qh7 40. f5 Qh6 41. Qf4 Qxf4 42. gxf4 Kh7 43. Kg3 g6 44. fxg6+ Kxg6 45. Kf3 Kf5 46. Bd5 c6 47. Bxc6 Rxe6 48. Rxe6 Kxe6 49. Be4 Kf7 50. Bf5 Ne8 51. Be4 Kf6 52. Kg3 Nc7 53. Bd5 Na6 54. c3 a4 55. Kh4 Kg6 56. Be4+ Kh6 57. f5 Nc7 58. f6 a3 59. Kg3 Ne6 60. f7 Kg7 61. Bd5 Nf8 62. Kf4 Kf6 63. Ke4 Ng6 64. Kd3 Ke7 65. Kc2 Ne5 66. Kb3 h4 67. Kxa3 Nd3 68. Kb3 Ne1 69. a4 Nd3 70. a5 Ne5 71. a6 1-0


[Site "https://www.chess.com"]

[Event "Titled Tuesday Blitz July 26 Late 2022"]
[White "Hoffmann, Asa"]
[Black "Domingo Nunez, Ruben"]
[WhiteFideId "2001470"]
[BlackFideId "22245570"]
[WhiteElo "2117"]
[BlackElo "2373"]
[Result "0-1"]
[Round "01"]
[TimeControl "180+1"]
[Date "2022.07.27"]
[WhiteClock "0:00:37"]
[BlackClock "0:00:21"]

1. d4 g6 2. e4 Bg7 3. Be3 c6 4. Qd2 d5 5. Nc3 dxe4 6. Nxe4 Nf6 7. Nxf6+ exf6 8. O-O-O O-O 9. Bh6 Be6 10. h4 a5 11. Bxg7 Kxg7 12. h5 g5 13. f4 h6 14. Bd3 Qxd4 15. Nf3 Qxf4 16. Qxf4 gxf4 17. Rh4 Nd7 18. Rxf4 Ne5 19. Re1 Nxd3+ 20. cxd3 Rad8 21. Nd4 Bc8 22. Re3 Rd5 23. Rg3+ Rg5 24. Rgf3 Rd8 25. g3 Rd6 26. Kc2 Bg4 27. Re3 Bd7 28. Kc3 Rxh5 29. Rh4 Rg5 30. a3 Rc5+ 31. Kd2 Rcd5 32. Kc3 c5 33. Ne2 b5 34. Nf4 b4+ 35. axb4 cxb4+ 36. Kd2 Rg5 37. Nh5+ Kf8 38. Rf3 Ke7 39. Re3+ Re5 40. Nf4 Rxe3 41. Kxe3 f5 42. d4 a4 43. Nd3 a3 44. bxa3 bxa3 45. Rh1 Re6+ 46. Kd2 Re4 47. Kc3 Re3 48. Ra1 Bb5 49. Kb4 Bxd3 50. Rxa3 Rxg3 51. Kc5 Rf3 52. d5 Be4 53. Ra7+ Kf6 54. d6 Rd3 55. d7 h5 56. Ra6+ Ke7 57. Ra7 Rxd7 58. Ra6 Rd5+ 59. Kc4 Bd3+ 60. Kxd5 Bxa6 61. Ke5 Bd3 62. Kf4 Kf6 0-1


[Site "https://www.chess.com"]

[Event "Titled Tuesday Blitz July 26 Late 2022"]
[White "Horcajuelo Rocamora, Martin"]
[Black "Milanovic, Marko"]
[WhiteFideId "24573027"]
[BlackFideId "980129"]
[WhiteElo "1882"]
[BlackElo "2151"]
[Result "1-0"]
[Round "01"]
[TimeControl "180+1"]
[Date "2022.07.27"]
[WhiteClock "0:00:34"]
[BlackClock "0:00:06"]

1. e4 e5 2. Nf3 Nc6 3. Bb5 a6 4. Ba4 Nf6 5. d3 d6 6. c3 Be7 7. O-O O-O 8. Nbd2 b5 9. Bb3 Bg4 10. h3 Bh5 11. Re1 Re8 12. Nf1 Bf8 13. Ng3 Bg6 14. Nh4 Na5 15. Bc2 c5 16. Qf3 Nc6 17. Bg5 Be7 18. Nhf5 Ra7 19. Nxe7+ Qxe7 20. h4 h6 21. Be3 Nd8 22. a4 Ne6 23. axb5 axb5 24. Rxa7 Qxa7 25. Bxh6 Qa2 26. Bg5 Qxb2 27. Bxf6 Qxc2 28. h5 Qxc3 29. Rf1 Bh7 30. Bh4 Nf4 31. Qg4 Kh8 32. h6 Bg6 33. Nf5 gxh6 34. Bf6+ Kh7 35. Nxh6 Kxh6 36. g3 Nh5 37. Kg2 Nxf6 38. Rh1+ Kg7 39. Qh4 Nh5 40. g4 Nf4+ 41. Kg1 Qe1+ 42. Kh2 Rh8 43. Qxh8+ Kxh8 44. Rxe1 Nxd3 45. Rd1 c4 46. f3 b4 47. Kg2 b3 48. Kf1 b2 49. Ke2 Kg7 50. Kd2 Kf6 51. Kc3 Kg5 52. Kxc4 Nf2 53. Rf1 Kf4 54. Kc3 Kxf3 55. Kxb2 Kg3 56. Rg1+ Kf3 57. Rf1 Ke2 58. Rc1 Nxe4 59. Kb3 Kf3 60. Kc4 Kxg4 61. Kd5 Kf4 62. Rg1 Ke3 63. Re1+ Kd2 64. Rf1 Ng3 65. Rg1 Nf5 66. Ra1 Ke2 67. Ra2+ Kf3 68. Ra3+ Kf4 69. Ra4+ Kg5 70. Ra1 Kf6 71. Rf1 Kg5 72. Rg1+ Kh6 73. Ra1 f6 74. Ke6 Kg5 75. Rg1+ Kf4 76. Rxg6 Ke4 77. Rxf6 Nd4+ 78. Kxd6 Nf5+ 79. Kc5 Ng3 80. Re6 Kf5 81. Kd5 Ne2 82. Rxe5+ Kf4 83. Rxe2 1-0


[Site "https://www.chess.com"]

[Event "Titled Tuesday Blitz July 26 Late 2022"]
[White "Jacobson, Brandon"]
[Black "Manelyuk, Daniil"]
[WhiteFideId "30901561"]
[BlackFideId "44173920"]
[WhiteElo "2362"]
[BlackElo "2209"]
[Result "1-0"]
[Round "01"]
[TimeControl "180+1"]
[Date "2022.07.26"]
[WhiteClock "0:01:39"]
[BlackClock "0:00:12"]

1. Nf3 c5 2. e4 d6 3. d4 cxd4 4. Nxd4 Nf6 5. Nc3 a6 6. Be3 e5 7. Nf3 Be7 8. Bc4 Be6 9. Bb3 O-O 10. O-O Nc6 11. Qe2 b5 12. Rfd1 Qc8 13. Bg5 Na5 14. Bxf6 Bxf6 15. Rxd6 Nc4 16. Bxc4 Bxc4 17. Qd2 Qc5 18. Rxf6 gxf6 19. Qh6 Rad8 20. Nh4 Rfe8 21. Nf5 Qf8 22. Qxf6 Re6 23. Nh6+ Qxh6 24. Qxd8+ Kg7 25. Rd1 Rf6 26. Qd2 Qh4 27. Nd5 Bxd5 28. exd5 Rd6 29. Qc3 Qe4 30. Qc5 Qe2 31. Rf1 Rg6 32. Qe3 Qxc2 33. Qxe5+ Rf6 34. h3 Qd2 35. Kh2 Kg6 36. Qe4+ Kg7 37. Qe5 h6 38. f4 Kg6 39. Rf3 1-0


[Site "https://www.chess.com"]

[Event "Titled Tuesday Blitz July 26 Late 2022"]
[White "Jin, Ashton"]
[Black "Ohanyan, Emin"]
[WhiteFideId "30931908"]
[BlackFideId "13312022"]
[WhiteElo "2470"]
[BlackElo "1927"]
[Result "1-0"]
[Round "01"]
[TimeControl "180+1"]
[Date "2022.07.26"]
[WhiteClock "0:00:16"]
[BlackClock "0:00:06"]

1. e4 e5 2. Nf3 Nc6 3. d4 exd4 4. Nxd4 Nf6 5. Nxc6 bxc6 6. e5 Qe7 7. Qe2 Nd5 8. h4 d6 9. exd6 Qxe2+ 10. Bxe2 Bxd6 11. O-O O-O 12. Bf3 Bf5 13. c4 Nb4 14. Na3 Rab8 15. Be3 Nd3 16. Nc2 c5 17. Na3 Nxb2 18. Rac1 a6 19. Bd5 Nd3 20. Rcd1 Ne5 21. Nb1 Ng4 22. Bd2 Rb2 23. Nc3 Bh2+ 24. Kh1 Be5 25. f3 Nf6 26. Bc6 Rc2 27. Ne4 Nxe4 28. fxe4 Be6 29. Bd5 Rxa2 30. Be3 Bd4 31. Bxd4 cxd4 32. Rxd4 a5 33. Bxe6 fxe6 34. Rxf8+ Kxf8 35. Rd7 Re2 36. Rxc7 Rxe4 37. g3 Re2 38. Ra7 Ra2 39. c5 a4 40. c6 a3 41. c7 Rc2 42. Ra8+ Ke7 43. c8=Q Rxc8 44. Rxc8 a2 45. Ra8 1-0


[Site "https://www.chess.com"]

[Event "Titled Tuesday Blitz July 26 Late 2022"]
[White "Karacsonyi, Gellert"]
[Black "Fiedorek, Michal"]
[WhiteFideId "764620"]
[BlackFideId "1199528"]
[WhiteElo "2187"]
[BlackElo "1833"]
[Result "0-1"]
[Round "01"]
[TimeControl "180+1"]
[Date "2022.07.26"]
[WhiteClock "0:00:04"]
[BlackClock "0:01:08"]

1. e4 c5 2. Nf3 d6 3. d4 cxd4 4. Nxd4 Nf6 5. Nc3 Nc6 6. f3 e5 7. Nb3 Be7 8. Be3 O-O 9. Qd2 a5 10. Bb5 Na7 11. Bxa7 Rxa7 12. Qf2 Ra8 13. O-O-O Be6 14. Kb1 Qb8 15. a4 Rd8 16. g4 Ne8 17. Bxe8 Rxe8 18. Nd5 b5 19. axb5 a4 20. Nc1 Qxb5 21. Nc7 Qb7 22. Nxe8 Rxe8 23. Qe3 Rb8 24. Qc3 d5 25. exd5 Bxd5 26. Rd3 e4 27. Rxd5 Qxd5 28. fxe4 Qxe4 29. Re1 Qb7 30. Nd3 Bf6 31. Qb4 Qa7 32. Qb5 Qa8 33. Qd7 a3 34. g5 Bxb2 35. Ka2 Bc3 36. Re7 Rb2+ 37. Ka1 Rb7+ 0-1


[Site "https://www.chess.com"]

[Event "Titled Tuesday Blitz July 26 Late 2022"]
[White "Keller, Peter"]
[Black "Weetik, Vjacheslav"]
[WhiteFideId "1272105"]
[BlackFideId "4153472"]
[WhiteElo "2275"]
[BlackElo "2469"]
[Result "0-1"]
[Round "01"]
[TimeControl "180+1"]
[Date "2022.07.27"]
[WhiteClock "0:01:33"]
[BlackClock "0:00:35"]

1. e4 c6 2. Ne2 d5 3. d3 e5 4. g3 dxe4 5. dxe4 Qxd1+ 6. Kxd1 Nf6 7. f3 Bc5 8. c3 Be6 9. Kc2 Nbd7 10. Nd2 a5 11. Nb3 Bb6 12. a4 O-O 13. Ng1 Rfd8 14. Bh3 Bxb3+ 15. Kxb3 Nc5+ 16. Kc2 Nd3 17. Ne2 Nf2 18. Bg2 Nxh1 19. Bxh1 h6 20. Bd2 Nd7 21. Bg2 Nc5 22. Be3 Nxe4 23. Bxb6 Rd2+ 24. Kb3 Rxe2 25. fxe4 Rxg2 26. Rd1 Rxh2 27. Rd7 Rg2 28. Bc7 f6 29. Bd6 Rxg3 30. Rxb7 h5 0-1


[Site "https://www.chess.com"]

[Event "Titled Tuesday Blitz July 26 Late 2022"]
[White "Kravtsiv, Martyn"]
[Black "Sivakumar, Shaaketh"]
[WhiteFideId "14113147"]
[BlackFideId "30940176"]
[WhiteElo "2694"]
[BlackElo "1799"]
[Result "1-0"]
[Round "01"]
[TimeControl "180+1"]
[Date "2022.07.26"]
[WhiteClock "0:00:16"]
[BlackClock "0:00:04"]

1. e4 e6 2. d4 d5 3. Nc3 Bb4 4. exd5 exd5 5. Bd3 Ne7 6. a3 Bxc3+ 7. bxc3 c5 8. dxc5 Be6 9. Ne2 Nd7 10. O-O O-O 11. Nd4 Nxc5 12. Bg5 Nxd3 13. cxd3 h6 14. Bh4 Qd7 15. Bxe7 Qxe7 16. Qd2 Qd6 17. a4 Rac8 18. Rfb1 Qc7 19. Rb3 b6 20. h3 Qc5 21. Qa2 Rc7 22. a5 bxa5 23. Qxa5 Rfc8 24. Qa6 Qe7 25. Raa3 Qd7 26. Nb5 Rb7 27. Nxa7 Rcb8 28. Rxb7 Qxb7 29. Qxb7 Rxb7 30. Nc6 Rb2 31. Kf1 Rd2 32. Ke1 Rb2 33. Nd4 Kh7 34. Ra7 Kg6 35. Ra1 Kf6 36. Rd1 h5 37. Rd2 Rb1+ 38. Ke2 h4 39. Ke3 Rg1 40. f3 Re1+ 41. Re2 Rc1 42. Rc2 Re1+ 43. Kf2 Rd1 44. Ke2 Rg1 45. Ke3 Re1+ 46. Ne2 Ke5 47. Ra2 g5 48. Ra6 Rh1 49. Kf2 Rb1 50. Ra8 Rb2 51. Ke3 Kf6 52. Rg8 Rb1 53. f4 gxf4+ 54. Nxf4 Re1+ 55. Kd2 Rg1 56. Ne2 Bxh3 57. Nxg1 1-0


[Site "https://www.chess.com"]

[Event "Titled Tuesday Blitz July 26 Late 2022"]
[White "Leitao, Rafael"]
[Black "Melaugh, Shane"]
[WhiteFideId "2101246"]
[BlackFideId "2509580"]
[WhiteElo "2609"]
[BlackElo "1938"]
[Result "1/2-1/2"]
[Round "01"]
[TimeControl "180+1"]
[Date "2022.07.27"]
[WhiteClock "0:00:10"]
[BlackClock "0:00:06"]

1. e4 e6 2. d4 d5 3. Nd2 dxe4 4. Nxe4 Nf6 5. Nxf6+ gxf6 6. Nf3 Nc6 7. g3 b6 8. Bg2 Bb7 9. Be3 Qd7 10. Qe2 O-O-O 11. O-O-O Ne7 12. c4 Nf5 13. Kb1 h5 14. h4 Kb8 15. Ka1 Bh6 16. Bxh6 Rxh6 17. Rd2 Nd6 18. Rhd1 Ne4 19. Rd3 Qa4 20. b3 Qa5 21. Qb2 Rhh8 22. d5 exd5 23. b4 Qa4 24. c5 bxc5 25. bxc5 Nxc5 26. Rb1 Rd6 27. Ra3 Qd7 28. Qc2 Ne6 29. Rab3 Rb6 30. Qc3 d4 31. Qb2 Rd8 32. Ne1 Bxg2 33. Nxg2 Qc6 34. Ne1 Nc5 35. Rxb6+ axb6 36. Nc2 d3 37. Nb4 Qe6 38. Rd1 Qc4 39. a3 Rd4 40. Rc1 Nb3+ 41. Kb1 Qxc1+ 42. Qxc1 Nxc1 43. Nc6+ Kb7 44. Nxd4 Ne2 45. Nf3 Nc3+ 46. Kb2 Ne4 47. Ne1 Nxf2 48. Kc3 d2 49. Kxd2 Ne4+ 50. Ke3 Nxg3 51. Kf4 Ne2+ 52. Kf5 c5 53. Kxf6 c4 54. Kg5 Ng3 55. Kf4 Ne2+ 56. Kg5 Ng3 57. Kf4 Ne2+ 58. Kg5 1/2-1/2


[Site "https://www.chess.com"]

[Event "Titled Tuesday Blitz July 26 Late 2022"]
[White "Leiva, Gianmarco"]
[Black "Jorquera, Marcelo"]
[WhiteFideId "3804399"]
[BlackFideId "3401197"]
[WhiteElo "2323"]
[BlackElo "2136"]
[Result "1-0"]
[Round "01"]
[TimeControl "180+1"]
[Date "2022.07.27"]
[WhiteClock "0:00:31"]
[BlackClock "0:00:02"]

1. e4 d5 2. exd5 Qxd5 3. Nc3 Qa5 4. Bc4 Nf6 5. d3 a6 6. Bd2 Qf5 7. Qe2 b5 8. Bb3 Bb7 9. f3 Nc6 10. Qe3 e6 11. Nge2 O-O-O 12. a4 Bc5 13. Qg5 Qxg5 14. Bxg5 b4 15. Ne4 Be7 16. a5 Nxe4 17. Bxe7 Nxe7 18. fxe4 Nc6 19. Rf1 Rhf8 20. Kd2 Kd7 21. Ke3 Ke7 22. d4 f6 23. c3 bxc3 24. bxc3 Rb8 25. Bc4 Bc8 26. Nf4 Rb2 27. Rf2 Rxf2 28. Kxf2 e5 29. Nd5+ Kd6 30. Ke3 f5 31. Bd3 f4+ 32. Kd2 exd4 33. cxd4 Nxd4 34. Kc3 Nc6 35. h4 h6 36. h5 Ne5 37. Be2 g5 38. hxg6 Nxg6 39. Rh1 Rh8 40. Nb4 c5 41. Nxa6 Bxa6 42. Bxa6 Ke5 43. Bb7 1-0


[Site "https://www.chess.com"]

[Event "Titled Tuesday Blitz July 26 Late 2022"]
[White "Leve, Nitai"]
[Black "Djokic, Mihailo"]
[WhiteFideId "2006898"]
[BlackFideId "976440"]
[WhiteElo "2144"]
[BlackElo "2246"]
[Result "1-0"]
[Round "01"]
[TimeControl "180+1"]
[Date "2022.07.27"]
[WhiteClock "0:00:05"]
[BlackClock "0:00:07"]

1. e4 c5 2. Nf3 d6 3. d4 cxd4 4. Qxd4 a6 5. c4 Nc6 6. Qe3 g6 7. h3 Bg7 8. Be2 Nf6 9. O-O O-O 10. Rd1 Be6 11. e5 Ne8 12. exd6 exd6 13. Nc3 Qa5 14. Bd2 Qc5 15. Qf4 Ne5 16. b3 Rd8 17. Rac1 Nc7 18. Qh4 Nxf3+ 19. Bxf3 Qa7 20. Bg5 f6 21. Be3 Qb8 22. Bb6 Rd7 23. Rd2 Ne8 24. Rcd1 f5 25. Bd4 Nf6 26. Nd5 Nxd5 27. Bxd5 Bxd5 28. Bxg7 Kxg7 29. Rxd5 Qe8 30. Qg3 f4 31. Qg5 h6 32. Qg4 Qe7 33. c5 h5 34. cxd6 hxg4 35. dxe7 Rxe7 36. hxg4 Rff7 37. g5 f3 38. gxf3 Rxf3 39. Rd7 Kf7 40. Rxe7+ Kxe7 41. Kg2 Rf5 42. Rh1 Rxg5+ 43. Kf3 Rf5+ 44. Ke3 Rf7 45. f4 Kf6 46. Rc1 Re7+ 47. Kf3 Rd7 48. Rc2 Kf5 49. Rc5+ Kf6 50. Rc2 Rd3+ 51. Ke4 Rd6 52. Rc7 Rb6 53. Kd4 Rb4+ 54. Ke3 Kf5 55. Rf7+ Kg4 56. Rg7 Kf5 57. Rf7+ Ke6 58. Rg7 Kf6 59. Rg8 a5 60. Ra8 b6 61. Rc8 Kf5 62. Rf8+ Kg4 63. Rg8 Kh5 64. Kf3 Kh6 65. Rh8+ Kg7 66. Rc8 a4 67. bxa4 Rxa4 68. Kg4 Rxa2 69. Rb8 Rb2 70. Kg5 Rb5+ 71. Kg4 Kf6 72. Rf8+ Ke7 73. Rg8 Kf7 74. Rb8 Rb1 75. Rb7+ Kf6 76. Rb8 b5 77. Rb6+ Kf7 78. Kg5 Rg1+ 79. Kh4 Rf1 80. Kg5 Rg1+ 81. Kh4 Rb1 82. Kg5 b4 83. Rb7+ Ke6 84. Kxg6 b3 85. f5+ Ke5 86. Rb5+ Kd4 87. f6 Rg1+ 88. Rg5 Kc4 89. Rxg1 Kc3 90. f7 Kc2 91. f8=Q b2 92. Qf2+ Kb3 93. Rb1 Ka2 94. Qxb2# 1-0


[Site "https://www.chess.com"]

[Event "Titled Tuesday Blitz July 26 Late 2022"]
[White "Livaic, Leon"]
[Black "Leenhouts, Koen"]
[WhiteFideId "14531534"]
[BlackFideId "1008439"]
[WhiteElo "2540"]
[BlackElo "2409"]
[Result "0-1"]
[Round "01"]
[TimeControl "180+1"]
[Date "2022.07.26"]
[WhiteClock "0:00:51"]
[BlackClock "0:00:16"]

1. d4 Nf6 2. c4 g6 3. Nc3 d5 4. Nf3 Bg7 5. Bg5 Ne4 6. cxd5 Nxg5 7. Nxg5 e6 8. Qd2 h6 9. Nf3 exd5 10. e3 O-O 11. b4 c6 12. Be2 Qd6 13. O-O-O Qxb4 14. Qb2 Qxb2+ 15. Kxb2 Nd7 16. Rb1 b5 17. Rhc1 Nb6 18. Kc2 Bf5+ 19. Bd3 Bxd3+ 20. Kxd3 Nc4 21. Nd2 Rfe8 22. Nb3 Bf8 23. a4 a6 24. Nc5 Bxc5 25. dxc5 f5 26. Ne2 bxa4 27. Nd4 Ne5+ 28. Kc2 Rab8 29. Rb6 Rxb6 30. cxb6 Rb8 31. Rb1 Nc4 32. Nxc6 Rxb6 33. Rxb6 Nxb6 34. Kc3 Kf7 35. Kb4 Kf6 36. Nd4 Ke5 37. Nf3+ Ke4 38. Kc3 Nc4 39. Nd4 a3 40. Nc2 a2 41. f3+ Ke5 42. Kd3 Na3 43. Na1 f4 44. exf4+ Kxf4 45. Kd4 Nb1 46. Kxd5 Ke3 47. Ke5 Kd3 48. Kf6 Kc3 49. Kxg6 Kb2 50. f4 Kxa1 51. f5 Kb2 52. Kxh6 a1=Q 53. g4 Qa3 54. h4 Qf8+ 55. Kg5 Nc3 56. h5 Nd5 57. h6 Qg8+ 58. Kh5 Nf6+ 0-1


[Site "https://www.chess.com"]

[Event "Titled Tuesday Blitz July 26 Late 2022"]
[White "Ljukin, Sergei"]
[Black "Drygalov, Andrey"]
[WhiteFideId "14102200"]
[BlackFideId "24171735"]
[WhiteElo "2312"]
[BlackElo "2531"]
[Result "0-1"]
[Round "01"]
[TimeControl "180+1"]
[Date "2022.07.26"]
[WhiteClock "0:00:01"]
[BlackClock "0:00:05"]

1. e4 e5 2. Nf3 Nc6 3. Bb5 a6 4. Ba4 Nf6 5. Qe2 b5 6. Bb3 Be7 7. c3 O-O 8. d4 d6 9. O-O Bg4 10. Rd1 exd4 11. cxd4 d5 12. e5 Ne4 13. Nc3 Nxc3 14. bxc3 Qd7 15. h3 Bh5 16. g4 Bg6 17. Nh2 Na5 18. Bc2 Bxc2 19. Qxc2 f6 20. f4 fxe5 21. dxe5 Nc4 22. Nf3 Rae8 23. Nd4 Bc5 24. Kh2 g6 25. a4 c6 26. axb5 axb5 27. Ra6 Qb7 28. Qa2 Ra8 29. Rxa8 Rxa8 30. Qg2 b4 31. cxb4 Bxd4 32. Rxd4 Ra1 33. Rd1 Qxb4 34. e6 Qb3 35. Re1 Ra2 36. Re2 Rxe2 37. Qxe2 Kf8 38. f5 Qc3 39. Bh6+ Ke8 40. Bg5 Qe5+ 41. Qxe5 Nxe5 42. Kg3 gxf5 43. gxf5 d4 44. f6 d3 45. Bf4 Ng6 46. f7+ Ke7 47. Bh6 Kxe6 48. f8=Q Nxf8 49. Kf3 d2 50. Ke2 d1=Q+ 51. Kxd1 Ng6 52. Ke2 Kf5 53. Kf3 Ne5+ 54. Kg3 c5 55. Bd2 Ke4 56. Bc3 c4 57. Kh4 Nd3 58. Kh5 Nf4+ 59. Kh6 Nxh3 60. Kxh7 Kd3 61. Ba5 Nf4 62. Kh6 Ne6 63. Kg6 Nd4 64. Kf6 Nc6 0-1


[Site "https://www.chess.com"]

[Event "Titled Tuesday Blitz July 26 Late 2022"]
[White "Maksimovic, Bojan"]
[Black "Derraugh, Geordie"]
[WhiteFideId "14408120"]
[BlackFideId "2603950"]
[WhiteElo "2453"]
[BlackElo "2116"]
[Result "1-0"]
[Round "01"]
[TimeControl "180+1"]
[Date "2022.07.26"]
[WhiteClock "0:00:29"]
[BlackClock "0:00:01"]

1. Nf3 Nf6 2. c4 g6 3. Nc3 d5 4. cxd5 Nxd5 5. g3 Bg7 6. Bg2 O-O 7. h4 Nxc3 8. bxc3 h5 9. Ng5 c5 10. Rb1 Nc6 11. O-O Bf5 12. Rxb7 Rc8 13. Qa4 Bd7 14. Qa6 Rc7 15. Rxc7 Qxc7 16. Ba3 Ne5 17. Rb1 Bc8 18. Qb5 c4 19. Qc5 Qd8 20. Rb8 Nd7 21. Rxc8 Qxc8 22. Qxa7 Bf6 23. Ne4 Re8 24. Bh3 Rd8 25. Nxf6+ exf6 26. Be7 Qb8 27. Qd4 Qb1+ 28. Kh2 Re8 29. Qxd7 Rxe7 30. Qxe7 Qe1 31. Qe3 1-0


[Site "https://www.chess.com"]

[Event "Titled Tuesday Blitz July 26 Late 2022"]
[White "Matinian, Nikita"]
[Black "Martinez, Shawn"]
[WhiteFideId "24129100"]
[BlackFideId "2039770"]
[WhiteElo "2422"]
[BlackElo "2174"]
[Result "1-0"]
[Round "01"]
[TimeControl "180+1"]
[Date "2022.07.27"]
[WhiteClock "0:00:35"]
[BlackClock "0:00:02"]

1. e4 c5 2. Nf3 e6 3. d4 cxd4 4. Nxd4 a6 5. Nc3 Bb4 6. Qg4 Nf6 7. Qxg7 Rg8 8. Qh6 Rg6 9. Qe3 d5 10. Bd2 e5 11. exd5 Nxd5 12. Nxd5 Bxd2+ 13. Qxd2 Qxd5 14. Nb3 Qe4+ 15. Qe2 Bf5 16. c3 Nd7 17. Qxe4 Bxe4 18. f3 Bc6 19. Kf2 f5 20. Bd3 e4 21. Rae1 Re6 22. Nd4 Rd6 23. fxe4 O-O-O 24. exf5 Nc5 25. Bc2 Rg8 26. Rhg1 h5 27. Re5 Nd7 28. Re6 Kc7 29. Rxd6 Kxd6 30. g3 Ne5 31. Rd1 Ng4+ 32. Ke2 Bg2 33. Bb3 Re8+ 34. Be6 Ke5 35. h4 Ke4 36. Kd2 Ke5 37. Re1+ Kf6 38. a4 b5 39. axb5 axb5 40. Nxb5 Rb8 41. c4 Rd8+ 42. Kc3 Nf2 43. Re2 Ne4+ 44. Kb4 Bf3 45. Re3 Bh1 46. Bd5 Re8 47. Bxe4 Bxe4 48. Nd6 Rb8+ 49. Kc3 Bg2 50. Re6+ Kg7 51. f6+ Kg6 52. f7+ Kg7 53. Re8 1-0


[Site "https://www.chess.com"]

[Event "Titled Tuesday Blitz July 26 Late 2022"]
[White "Mica, Marek"]
[Black "Cabarkapa, Novak"]
[WhiteFideId "382884"]
[BlackFideId "943746"]
[WhiteElo "2100"]
[BlackElo "2390"]
[Result "0-1"]
[Round "01"]
[TimeControl "180+1"]
[Date "2022.07.27"]
[WhiteClock "0:00:07"]
[BlackClock "0:00:41"]

1. Nf3 g6 2. d4 Bg7 3. c4 d6 4. Nc3 Nd7 5. g3 e5 6. Bg2 Nh6 7. h3 O-O 8. O-O c6 9. Be3 f6 10. dxe5 dxe5 11. Qc1 Nf7 12. Rd1 Qe7 13. a3 Nc5 14. Nd2 f5 15. b4 Ne6 16. Nb3 e4 17. h4 Ne5 18. Na4 Ng4 19. Ra2 b6 20. Nd4 Nxe3 21. fxe3 Bd7 22. c5 b5 23. Nc3 h5 24. Rad2 Be8 25. Qc2 Kh7 26. Na2 a5 27. Nc1 axb4 28. axb4 Nc7 29. Qb3 Qf6 30. Na2 Bf7 31. Qb1 Bh6 32. Kf2 Bxe3+ 33. Kxe3 Nd5+ 34. Kf2 e3+ 35. Kg1 exd2 36. Rxd2 Ne3 37. Nc3 Qe5 38. Kh2 Ng4+ 39. Kh3 f4 40. Nf3 Nf2+ 41. Kh2 fxg3+ 42. Kg1 Qe3 43. Ng5+ Kg8 44. Kf1 Ng4 45. Nce4 Ba2+ 0-1


[Site "https://www.chess.com"]

[Event "Titled Tuesday Blitz July 26 Late 2022"]
[White "Milosevic, Milos"]
[Black "Raja Harshit"]
[WhiteFideId "964875"]
[BlackFideId "5089000"]
[WhiteElo "2293"]
[BlackElo "2338"]
[Result "0-1"]
[Round "01"]
[TimeControl "180+1"]
[Date "2022.07.26"]
[WhiteClock "0:00:39"]
[BlackClock "0:01:25"]

1. e4 c5 2. Nc3 d6 3. f4 g6 4. Nf3 Bg7 5. Bb5+ Bd7 6. a4 Nc6 7. O-O Nd4 8. Bc4 Nf6 9. f5 gxf5 10. d3 Bc6 11. Ng5 Rf8 12. exf5 Qd7 13. Nce4 d5 14. Nxf6+ exf6 15. Nxh7 dxc4 16. Qg4 O-O-O 17. Nxf8 Bxf8 18. dxc4 Nxc2 19. Rb1 Qd4+ 20. Qxd4 cxd4 21. Bd2 Ne3 22. Rf2 Nxc4 23. b4 Bxa4 24. b5 Bc2 25. Ra1 d3 26. Rxa7 Bc5 27. Ra8+ Kd7 28. Rxd8+ Kxd8 0-1


[Site "https://www.chess.com"]

[Event "Titled Tuesday Blitz July 26 Late 2022"]
[White "Mogranzini, Roberto"]
[Black "Kovacevic, Radmila"]
[WhiteFideId "810894"]
[BlackFideId "933171"]
[WhiteElo "2469"]
[BlackElo "2157"]
[Result "0-1"]
[Round "01"]
[TimeControl "180+1"]
[Date "2022.07.27"]
[WhiteClock "0:00:24"]
[BlackClock "0:00:21"]

1. e4 e5 2. Nf3 d5 3. d3 dxe4 4. dxe4 Qxd1+ 5. Kxd1 Bg4 6. Be2 Nc6 7. Nbd2 O-O-O 8. Ng5 Bxe2+ 9. Kxe2 Nd4+ 10. Kd1 Nh6 11. c3 Nc6 12. f3 Be7 13. Nh3 g5 14. Nf2 Rhg8 15. h3 f6 16. Ke2 Bc5 17. Nd3 Be7 18. Nc4 Nf7 19. g4 Rd7 20. h4 Rgd8 21. Nf2 h6 22. hxg5 hxg5 23. a4 Nd6 24. Ne3 a5 25. Nd5 Ne8 26. Be3 b6 27. Rh6 Kb7 28. Rah1 Bf8 29. Rh7 Bg7 30. R1h2 Ne7 31. Nxe7 Rxe7 32. Nh1 Rdd7 33. Ng3 Bf8 34. Rh8 Rf7 35. Rg8 Nd6 36. Rhh8 Be7 37. Bc1 Nc4 38. b3 Nd6 39. Ba3 c5 40. c4 Kc7 41. Bc1 Bd8 42. Be3 Rg7 43. Rxg7 Rxg7 44. Nh5 Rf7 45. Ng3 Kd7 46. Bd2 Kc7 47. Nf1 Kd7 48. Ne3 Ne8 49. Nd5 Nd6 50. Kd3 Ne8 51. Bc3 Nd6 52. Bd2 Ne8 53. Nc3 Nc7 54. Nb5 Nxb5 55. cxb5 Bc7 56. Kc4 Kd6 57. Bc3 Re7 58. Rf8 Re6 59. Rf7 Bd8 60. Bd2 Be7 61. Rh7 Bd8 62. Rh8 Bc7 63. Rg8 Kd7 64. Kd5 Rd6+ 65. Kc4 Rd4+ 66. Kc3 Rd6 67. Rg7+ Kc8 68. Be3 Rd7 69. Rg8+ Kb7 70. Rf8 Bd8 71. Bd2 Kc7 72. Be3 Be7 73. Rf7 Kd6 74. Rh7 Ke6 75. Rh8 Bd6 76. Rc8 Bc7 77. Ra8 Re7 78. Rg8 Rd7 79. Re8+ Re7 80. Rh8 Rd7 81. Rh1 Re7 82. Rd1 Rd7 83. Rd4 cxd4+ 84. Kd3 dxe3+ 85. Kxe3 Rd4 86. b4 Rxb4 0-1


[Site "https://www.chess.com"]